RedWings vs Senators

Created - 13 février 2021 at 21:24

Goals
1 2 3 T
RedWings 1 3 0 4
Senators 1 1 0 2
Shots
1 2 3 T
RedWings 9 17 12 38
Senators 9 10 4 23

1st period

1. Senators , Vladislav Namestnikov 15 (Chris Wagner 11, Jakob Chychrun 17) at 7:05
2. RedWings , Jake Gardiner 3 (David Perron 15, Erik Karlsson 23) at 9:52

Penalties :
Frans Nielsen (DET) for Holding (Minor) at 11:44, Alex Goligoski (OTT) for Holding (Minor) at 19:23

2nd period

3. RedWings , Brayden Schenn 10 (Andrew Cogliano 15, Erik Karlsson 24) at 0:31 (PP)
4. RedWings , Andrew Cogliano 9 (Erik Karlsson 25, John Carlson 32) at 11:42 (PP)
5. RedWings , Mark Scheifele 21 (Erik Karlsson 26, Jake Gardiner 24) at 13:08
6. Senators , Connor Brown 11 (Eric Staal 18, Mike Green 24) at 13:31

Penalties :
Justin Falk (OTT) for Slashing (Minor) at 10:19

3rd period

No Goal

Penalties :
Chris Wagner (OTT) for Hooking (Minor) at 6:44, Justin Falk (OTT) for High sticking (Minor) at 14:37

Goalie Stats

John Gibson (DET), 21 saves from 23 shots - (0,913), W, 25-16-8, 60:00 minutes
Anton Khudobin (OTT), 34 saves from 38 shots - (0,895), L, 5-16-3, 60:00 minutes

Players Stats for RedWings

Player Name              G  A  P  +/- PIM S  H  SB GA TA FO     MP     PP MP  PK MP  
------------------------------------------------------------------------------------
Andrew Cogliano          1  1  2   0  0   1  0  0  0  0  1/1    14:39   2:35   1:14 
Brayden Schenn           1  0  1   1  0   6  6  0  0  0  4/4    20:35   3:04   0:45 
Brett Howden             0  0  0  -1  0   1  2  0  0  0  0/0     8:06   0:00   0:45 
Connor Murphy            0  0  0  -1  0   0  1  1  0  0  0/0    17:07   2:57   0:00 
David Pastrnak           0  0  0   1  0   6  0  0  0  0  0/2    20:40   3:54   0:00 
David Perron             0  1  1   0  0   5  1  0  0  0  2/3    19:49   3:14   0:00 
Drew Doughty             0  0  0  -1  0   1  2  1  0  0  0/0    22:11   0:00   1:05 
Erik Haula               0  0  0   0  0   0  1  0  0  0  14/21  16:46   0:11   0:00 
Erik Karlsson            0  4  4   2  0   2  1  3  0  0  0/0    20:42   3:32   0:54 
Frans Nielsen            0  0  0  -1  2   1  1  0  0  0  6/10    7:31   0:11   0:00 
Jake Gardiner            1  1  2   2  0   1  1  0  0  0  0/0    19:48   2:38   0:54 
John Carlson             0  1  1  -1  0   3  1  0  0  0  0/0    25:51   3:40   1:05 
Jordan Szwarz            0  0  0  -1  0   2  0  0  0  0  0/0     7:21   0:00   0:00 
Kyle Brodziak            0  0  0   0  0   0  2  0  0  0  7/15   12:04   0:00   1:14 
Mark Scheifele           1  0  1   1  0   7  0  0  0  0  8/23   20:40   3:54   0:00 
Nick Jensen              0  0  0  -1  0   1  0  1  0  0  0/0    14:21   0:11   0:00 
Patric Hornqvist         0  0  0   0  0   1  1  0  0  0  0/0    18:59   2:24   0:00 
Ryan Hartman             0  0  0   0  0   0  1  0  0  0  0/1    10:50   0:00   0:00 

Players Stats for Senators

Player Name              G  A  P  +/- PIM S  H  SB GA TA FO     MP     PP MP  PK MP  
------------------------------------------------------------------------------------
Alex Galchenyuk          0  0  0  -1  0   1  0  1  0  0  3/5    18:56   0:00   2:42 
Alex Goligoski           0  0  0  -1  2   2  2  0  0  0  0/0    20:28   0:36   1:49 
Andy Greene              0  0  0  -1  0   0  1  4  0  0  0/0    20:43   0:00   2:39 
Chris Wagner             0  1  1   1  2   1  4  0  0  0  5/14   12:10   0:00   2:54 
Connor Brown             1  0  1   0  0   6  1  0  0  0  1/2    19:51   1:23   1:19 
Derek Ryan               0  0  0   0  0   1  0  0  0  0  0/0    14:40   0:00   3:46 
Eric Staal               0  1  1   0  0   2  0  0  0  0  13/19  17:58   0:36   0:13 
Jakob Chychrun           0  1  1   1  0   0  2  0  0  0  0/0    22:21   0:00   4:04 
James Neal               0  0  0   2  0   0  1  0  0  0  0/2    16:45   0:36   0:00 
Jani Hakanpaa            0  0  0   0  0   0  0  0  0  0  0/0    16:34   1:23   0:00 
Jason Spezza             0  0  0  -1  0   1  0  0  0  0  11/24  18:00   1:23   0:00 
Justin Falk              0  0  0   0  4   0  6  0  0  0  0/0    17:08   1:23   0:36 
Mark Stone               0  0  0  -1  0   4  4  0  0  0  0/2    17:37   1:23   0:00 
Mike Green               0  1  1   1  0   0  2  0  0  0  0/0    22:43   0:36   3:50 
Paul Byron               0  0  0   0  0   1  1  0  0  0  0/1     9:46   0:00   0:54 
Valtteri Filppula        0  0  0   0  0   1  2  0  0  0  5/11   10:02   0:00   1:10 
Vladimir Tarasenko       0  0  0  -1  0   2  2  0  0  0  0/0     8:28   0:36   0:00 
Vladislav Namestnikov    1  0  1   1  0   1  0  0  0  0  0/0     9:17   0:00   0:00 

3 Stars

1 - Erik Karlsson (DET)
2 - Jake Gardiner (DET)
3 - Brayden Schenn (DET)

Power Play

RedWings - 2 on 4 Attempt(s) - 50,00%
Senators - 0 on 1 Attempt(s) - 0,00%

Penalty Kill

RedWings - 1 on 1 Attempt(s) - 100,00% - Score 0 goal in Penalty Kill
Senators - 2 on 4 Attempt(s) - 50,00% - Score 0 goal in Penalty Kill

Team Stat

RedWings - Hits : 21 - Faceoff Wins : 42 - Blocked Shots : 6 - Penalty Minutes : 2
Senators - Hits : 28 - Faceoff Wins : 38 - Blocked Shots : 5 - Penalty Minutes : 8

Official

Referees : Graham Skilliter and Gord Dwyer
Linesman : Brad Kovachik and Kyle Larson

Game Notes

Vladimir Tarasenko is injured at 6:54 of 2nd period (Lower Body)

Finance

Level 1 -- Attendance: 6149 (94,60%) -- Ticket Income 614 900 $
Level 2 -- Attendance: 5000 (100,00%) -- Ticket Income 300 000 $
Level 3 -- Attendance: 3493 (99,80%) -- Ticket Income 122 255 $
Level 4 -- Attendance: 2661 (84,40%) -- Ticket Income 79 830 $
Luxury Box -- Attendance: 966 (96,60%) -- Ticket Income 241 500 $
Game was played at the Canadian Tire Centre.
Total Attendance: 18269 (95,38%)
Total Ticket Income: 1 358 485 $
Other Income: 665 658 $
Total Income: 2 024 143 $

% Time on Ice - RedWings

Lines # - Real PCT - Wanted PCT - Time Play
Normal Forward
1 - 33% - 35% - 16:46
2 - 32% - 35% - 16:35
3 - 21% - 20% - 10:50
4 - 14% - 10% - 7:21
Normal Defense
1 - 41% - 45% - 21:06
2 - 32% - 35% - 16:16
3 - 27% - 20% - 14:10
4 - 0% - 0% - 0:00
PP Forward
1 - 60% - 50% - 3:54
2 - 40% - 50% - 2:35
PP Defense
1 - 57% - 60% - 3:40
2 - 43% - 40% - 2:49
PK Forward
1 - 62% - 60% - 1:14
2 - 38% - 40% - 0:45
PK Defense
1 - 55% - 60% - 1:05
2 - 45% - 40% - 0:54
PK3 Forward
1 - 0% - 60%
2 - 0% - 40%
PK3 Defense
1 - 0% - 60%
2 - 0% - 40%
44 Forward
1 - 0% - 50%
2 - 0% - 50%
44 Defense
1 - 0% - 60%
2 - 0% - 40%
Last Minute Offensive  - 0:00
Last Minute Defensive  - 0:00
Total
Forward - 60:00
Defense - 60:00

% Time on Ice - Senators

Lines # - Real PCT - Wanted PCT - Time Play
Normal Forward
1 - 33% - 35% - 17:09
2 - 32% - 35% - 16:14
3 - 18% - 20% - 9:17
4 - 17% - 10% - 8:52
Normal Defense
1 - 35% - 35% - 18:17
2 - 35% - 35% - 18:04
3 - 21% - 20% - 10:38
4 - 9% - 10% - 4:33
PP Forward
1 - 30% - 50% - 0:36
2 - 70% - 50% - 1:23
PP Defense
1 - 70% - 50% - 1:23
2 - 30% - 50% - 0:36
PK Forward
1 - 82% - 60% - 5:19
2 - 18% - 40% - 1:10
PK Defense
1 - 59% - 60% - 3:50
2 - 41% - 40% - 2:39
PK3 Forward
1 - 0% - 60%
2 - 0% - 40%
PK3 Defense
1 - 0% - 60%
2 - 0% - 40%
44 Forward
1 - 0% - 50%
2 - 0% - 50%
44 Defense
1 - 0% - 50%
2 - 0% - 50%
Last Minute Offensive  - 0:00
Last Minute Defensive  - 0:00
Total
Forward - 60:00
Defense - 60:00

Play-by-Play

1st period


0:01 of 1st period - Eric Staal wins face-off versus Mark Scheifele in neutral zone.
0:01 of 1st period - Eric Staal is hit by Brayden Schenn.
0:04 of 1st period - Mike Green is hit by Drew Doughty and loses puck.
0:16 of 1st period - Off-side.
0:17 of 1st period - Erik Haula wins face-off versus Jason Spezza in neutral zone.
0:28 of 1st period - Icing by Alex Goligoski.
0:29 of 1st period - Alex Galchenyuk wins face-off versus Kyle Brodziak in Senators zone.
1:15 of 1st period - Kyle Brodziak is hit by Justin Falk and loses puck.
1:40 of 1st period - Shot by James Neal.
1:40 of 1st period - Shot Misses the Net.
1:42 of 1st period - Shot by Vladislav Namestnikov.
1:42 of 1st period - Shot Misses the Net.
1:49 of 1st period - James Neal is hit by Drew Doughty and loses puck.
2:25 of 1st period - Shot by Eric Staal.
2:25 of 1st period - Stopped by John Gibson with a rebound.
2:47 of 1st period - Shot by Derek Ryan.
2:47 of 1st period - Shot Misses the Net.
2:51 of 1st period - Shot by Derek Ryan.
2:51 of 1st period - Shot Misses the Net.
2:53 of 1st period - Shot by Valtteri Filppula.
2:53 of 1st period - Shot Misses the Net.
4:36 of 1st period - Shot by Frans Nielsen.
4:36 of 1st period - Shot Blocked by Alex Galchenyuk.
4:48 of 1st period - Shot by Brett Howden.
4:48 of 1st period - Shot Misses the Net.
4:50 of 1st period - Shot by Brett Howden.
4:50 of 1st period - Shot Misses the Net.
6:04 of 1st period - Off-side.
6:05 of 1st period - Valtteri Filppula wins face-off versus David Pastrnak in neutral zone.
6:28 of 1st period - Shot by Mark Scheifele.
6:28 of 1st period - Stopped by Anton Khudobin without a rebound.
6:29 of 1st period - Chris Wagner wins face-off versus Frans Nielsen in Senators zone.
6:29 of 1st period - Chris Wagner is hit by Brett Howden.
6:36 of 1st period - Icing by Mike Green.
6:37 of 1st period - Chris Wagner wins face-off versus Frans Nielsen in Senators zone.
7:05 of 1st period - Shot by Vladislav Namestnikov.
7:05 of 1st period - Goal by Vladislav Namestnikov - RedWings : 0 - Senators : 1.
7:06 of 1st period - Mark Scheifele wins face-off versus Eric Staal in neutral zone.
7:38 of 1st period - Alex Goligoski is hit by Brayden Schenn.
7:42 of 1st period - Shot by Connor Brown.
7:42 of 1st period - Stopped by John Gibson without a rebound.
7:43 of 1st period - David Perron wins face-off versus Chris Wagner in RedWings zone.
8:03 of 1st period - Shot by David Perron.
8:03 of 1st period - Stopped by Anton Khudobin without a rebound.
8:04 of 1st period - Jason Spezza wins face-off versus Kyle Brodziak in Senators zone.
8:25 of 1st period - Shot by Mark Stone.
8:25 of 1st period - Stopped by John Gibson without a rebound.
8:26 of 1st period - Eric Staal wins face-off versus Mark Scheifele in RedWings zone.
8:30 of 1st period - Icing by John Carlson.
8:31 of 1st period - Eric Staal wins face-off versus Mark Scheifele in RedWings zone.
8:46 of 1st period - Shot by David Pastrnak.
8:46 of 1st period - Stopped by Anton Khudobin without a rebound.
8:47 of 1st period - Jason Spezza wins face-off versus Erik Haula in Senators zone.
8:56 of 1st period - Shot by Jason Spezza.
8:56 of 1st period - Stopped by John Gibson without a rebound.
8:57 of 1st period - Connor Brown wins face-off versus Mark Scheifele in RedWings zone.
9:50 of 1st period - Shot by David Perron.
9:50 of 1st period - Shot Misses the Net.
9:52 of 1st period - Shot by Jake Gardiner.
9:52 of 1st period - Goal by Jake Gardiner - RedWings : 1 - Senators : 1.
9:53 of 1st period - Erik Haula wins face-off versus Jason Spezza in neutral zone.
10:06 of 1st period - Shot by David Perron.
10:06 of 1st period - Shot Misses the Net.
10:11 of 1st period - Icing by Mark Stone.
10:12 of 1st period - Kyle Brodziak wins face-off versus Jason Spezza in Senators zone.
11:05 of 1st period - Shot by David Perron.
11:05 of 1st period - Stopped by Anton Khudobin with a rebound.
11:11 of 1st period - Shot by Erik Haula.
11:11 of 1st period - Shot Misses the Net.
11:13 of 1st period - Shot by Erik Haula.
11:13 of 1st period - Deflect By David Perron.
11:13 of 1st period - Shot Misses the Net.
11:20 of 1st period - Shot by Erik Haula.
11:20 of 1st period - Shot Blocked by Andy Greene.
11:22 of 1st period - Shot by David Perron.
11:22 of 1st period - Deflect By Patric Hornqvist.
11:22 of 1st period - Stopped by Anton Khudobin without a rebound.
11:23 of 1st period - Eric Staal wins face-off versus Mark Scheifele in Senators zone.
11:23 of 1st period - Eric Staal is hit by Brayden Schenn.
11:35 of 1st period - Shot by Mark Scheifele.
11:35 of 1st period - Stopped by Anton Khudobin without a rebound.
11:36 of 1st period - Frans Nielsen wins face-off versus Paul Byron in Senators zone.
11:43 of 1st period - Shot by Drew Doughty.
11:43 of 1st period - Stopped by Anton Khudobin with a rebound.
11:44 of 1st period - Minor Penalty to Frans Nielsen for Holding.
11:45 of 1st period - Jason Spezza wins face-off versus Kyle Brodziak in RedWings zone.
12:59 of 1st period - Icing by Jani Hakanpaa.
13:00 of 1st period - Jason Spezza wins face-off versus Kyle Brodziak in Senators zone.
13:29 of 1st period - Shot by Vladimir Tarasenko.
13:29 of 1st period - Shot Misses the Net.
13:31 of 1st period - Shot by Eric Staal.
13:31 of 1st period - Shot Misses the Net.
13:33 of 1st period - Shot by Vladimir Tarasenko.
13:33 of 1st period - Stopped by John Gibson without a rebound.
13:34 of 1st period - Eric Staal wins face-off versus Kyle Brodziak in RedWings zone.
13:51 of 1st period - Shot by Derek Ryan.
13:51 of 1st period - Shot Blocked by Connor Murphy.
13:53 of 1st period - Shot by Derek Ryan.
13:53 of 1st period - Shot Misses the Net.
13:55 of 1st period - Shot by Alex Goligoski.
13:55 of 1st period - Stopped by John Gibson without a rebound.
13:56 of 1st period - Valtteri Filppula wins face-off versus Mark Scheifele in RedWings zone.
14:15 of 1st period - Erik Karlsson is hit by Valtteri Filppula and loses puck.
14:26 of 1st period - Shot by Paul Byron.
14:26 of 1st period - Shot Misses the Net.
15:47 of 1st period - Off-side.
15:48 of 1st period - Jason Spezza wins face-off versus Kyle Brodziak in neutral zone.
15:48 of 1st period - Jason Spezza is hit by Kyle Brodziak.
15:54 of 1st period - Shot by Jason Spezza.
15:54 of 1st period - Shot Misses the Net.
16:06 of 1st period - Shot by Alex Galchenyuk.
16:06 of 1st period - Stopped by John Gibson without a rebound.
16:07 of 1st period - Mark Scheifele wins face-off versus Chris Wagner in RedWings zone.
16:07 of 1st period - Mark Scheifele is hit by Chris Wagner.
16:34 of 1st period - David Pastrnak is hit by Chris Wagner and loses puck.
16:39 of 1st period - Shot by Vladislav Namestnikov.
16:39 of 1st period - Shot Blocked by Erik Karlsson.
17:03 of 1st period - Shot by Alex Galchenyuk.
17:03 of 1st period - Shot Misses the Net.
17:09 of 1st period - Shot by Alex Galchenyuk.
17:09 of 1st period - Shot Misses the Net.
17:11 of 1st period - Shot by Mark Stone.
17:11 of 1st period - Stopped by John Gibson without a rebound.
17:12 of 1st period - Frans Nielsen wins face-off versus Eric Staal in RedWings zone.
17:19 of 1st period - Mike Green is hit by Frans Nielsen and loses puck.
18:01 of 1st period - Connor Brown is hit by Connor Murphy and loses puck.
18:50 of 1st period - Icing by Nick Jensen.
18:51 of 1st period - Erik Haula wins face-off versus Jason Spezza in RedWings zone.
18:51 of 1st period - Erik Haula is hit by Mark Stone.
19:13 of 1st period - Kyle Brodziak is hit by Alex Goligoski and loses puck.
19:23 of 1st period - Minor Penalty to Alex Goligoski for Holding.
19:24 of 1st period - Mark Scheifele wins face-off versus Chris Wagner in Senators zone.
19:45 of 1st period - Shot by John Carlson.
19:45 of 1st period - Shot Misses the Net.
19:47 of 1st period - Shot by Erik Karlsson.
19:47 of 1st period - Stopped by Anton Khudobin with a rebound.
19:49 of 1st period - Shot by John Carlson.
19:49 of 1st period - Deflect By David Pastrnak.
19:49 of 1st period - Shot Misses the Net.
19:51 of 1st period - Shot by John Carlson.
19:51 of 1st period - Shot Misses the Net.
19:53 of 1st period - Shot by David Perron.
19:53 of 1st period - Shot Blocked by Andy Greene.
Goals for this period are 1 for RedWings vs 1 for Senators.
Shots for this period are 9 for RedWings vs 9 for Senators.

2nd period


0:01 of 2nd period - Brayden Schenn wins face-off versus Chris Wagner in neutral zone.
0:27 of 2nd period - Shot by Brayden Schenn.
0:27 of 2nd period - Stopped by Anton Khudobin with a rebound.
0:29 of 2nd period - Shot by Erik Karlsson.
0:29 of 2nd period - Shot Misses the Net.
0:31 of 2nd period - Shot by Andrew Cogliano.
0:31 of 2nd period - Deflect By Brayden Schenn.
0:31 of 2nd period - Goal by Brayden Schenn - RedWings : 2 - Senators : 1.
0:32 of 2nd period - Frans Nielsen wins face-off versus Jason Spezza in neutral zone.
0:37 of 2nd period - Shot by Brett Howden.
0:37 of 2nd period - Shot Misses the Net.
0:39 of 2nd period - Shot by Nick Jensen.
0:39 of 2nd period - Shot Misses the Net.
1:42 of 2nd period - Icing by Jani Hakanpaa.
1:43 of 2nd period - Jason Spezza wins face-off versus Erik Haula in Senators zone.
2:02 of 2nd period - Shot by Vladimir Tarasenko.
2:02 of 2nd period - Stopped by John Gibson without a rebound.
2:03 of 2nd period - Andrew Cogliano wins face-off versus Chris Wagner in RedWings zone.
2:03 of 2nd period - Andrew Cogliano is hit by Chris Wagner.
2:20 of 2nd period - Shot by James Neal.
2:20 of 2nd period - Shot Misses the Net.
2:22 of 2nd period - Shot by Vladislav Namestnikov.
2:22 of 2nd period - Shot Misses the Net.
2:40 of 2nd period - Chris Wagner is hit by Ryan Hartman.
3:02 of 2nd period - Icing by Mark Scheifele.
3:03 of 2nd period - Mark Scheifele wins face-off versus Eric Staal in RedWings zone.
3:03 of 2nd period - Mark Scheifele is hit by Vladimir Tarasenko.
3:08 of 2nd period - Erik Karlsson is hit by Vladimir Tarasenko and loses puck.
3:19 of 2nd period - Shot by Mark Scheifele.
3:19 of 2nd period - Stopped by Anton Khudobin without a rebound.
3:20 of 2nd period - Valtteri Filppula wins face-off versus Erik Haula in Senators zone.
4:10 of 2nd period - Shot by Connor Brown.
4:10 of 2nd period - Stopped by John Gibson without a rebound.
4:11 of 2nd period - Mark Scheifele wins face-off versus Jason Spezza in RedWings zone.
4:48 of 2nd period - Mark Scheifele is hit by Mark Stone and loses puck.
5:12 of 2nd period - Shot by Eric Staal.
5:12 of 2nd period - Stopped by John Gibson without a rebound.
5:13 of 2nd period - Kyle Brodziak wins face-off versus Chris Wagner in RedWings zone.
5:17 of 2nd period - Erik Karlsson is hit by Andy Greene and loses puck.
6:13 of 2nd period - Shot by Connor Brown.
6:13 of 2nd period - Stopped by John Gibson without a rebound.
6:14 of 2nd period - Frans Nielsen wins face-off versus Mark Stone in RedWings zone.
6:34 of 2nd period - Shot by Jordan Szwarz.
6:34 of 2nd period - Stopped by Anton Khudobin without a rebound.
6:35 of 2nd period - Eric Staal wins face-off versus Erik Haula in Senators zone.
6:53 of 2nd period - Vladimir Tarasenko is hit by John Carlson and loses puck.
6:54 of 2nd period - Vladimir Tarasenko from Senators is injured at 6:54 of 2nd period (Lower Body).
6:55 of 2nd period - Alex Galchenyuk wins face-off versus Mark Scheifele in RedWings zone.
7:07 of 2nd period - Shot by Mark Scheifele.
7:07 of 2nd period - Stopped by Anton Khudobin without a rebound.
7:08 of 2nd period - Eric Staal wins face-off versus Erik Haula in Senators zone.
7:19 of 2nd period - Shot by David Perron.
7:19 of 2nd period - Stopped by Anton Khudobin without a rebound.
7:20 of 2nd period - Jason Spezza wins face-off versus Mark Scheifele in Senators zone.
7:31 of 2nd period - Shot by Mark Scheifele.
7:31 of 2nd period - Shot Misses the Net.
7:33 of 2nd period - Shot by Mark Scheifele.
7:33 of 2nd period - Shot Blocked by Andy Greene.
7:35 of 2nd period - Shot by Erik Karlsson.
7:35 of 2nd period - Stopped by Anton Khudobin with a rebound.
7:39 of 2nd period - Shot by Mark Scheifele.
7:39 of 2nd period - Deflect By David Pastrnak.
7:39 of 2nd period - Stopped by Anton Khudobin without a rebound.
7:40 of 2nd period - Eric Staal wins face-off versus Erik Haula in Senators zone.
8:17 of 2nd period - Shot by David Perron.
8:17 of 2nd period - Shot Misses the Net.
8:43 of 2nd period - Icing by Jake Gardiner.
8:44 of 2nd period - Brayden Schenn wins face-off versus Jason Spezza in RedWings zone.
8:49 of 2nd period - Alex Goligoski is hit by Brayden Schenn and loses puck.
9:10 of 2nd period - Shot by Brayden Schenn.
9:10 of 2nd period - Stopped by Anton Khudobin without a rebound.
9:11 of 2nd period - Kyle Brodziak wins face-off versus Valtteri Filppula in Senators zone.
9:31 of 2nd period - Icing by John Carlson.
9:32 of 2nd period - Kyle Brodziak wins face-off versus Chris Wagner in RedWings zone.
10:17 of 2nd period - Shot by Brayden Schenn.
10:17 of 2nd period - Stopped by Anton Khudobin without a rebound.
10:18 of 2nd period - Erik Haula wins face-off versus Jason Spezza in Senators zone.
10:18 of 2nd period - Patric Hornqvist is hit by Justin Falk.
10:19 of 2nd period - Minor Penalty to Justin Falk for Slashing.
10:20 of 2nd period - Chris Wagner wins face-off versus David Perron in Senators zone.
11:42 of 2nd period - Shot by Andrew Cogliano.
11:42 of 2nd period - Goal by Andrew Cogliano - RedWings : 3 - Senators : 1.
11:43 of 2nd period - Eric Staal wins face-off versus Frans Nielsen in neutral zone.
12:02 of 2nd period - Shot by Eric Staal.
12:02 of 2nd period - Shot Misses the Net.
12:04 of 2nd period - Shot by Connor Brown.
12:04 of 2nd period - Stopped by John Gibson without a rebound.
12:05 of 2nd period - Jason Spezza wins face-off versus Ryan Hartman in RedWings zone.
12:24 of 2nd period - Shot by Mark Stone.
12:24 of 2nd period - Shot Misses the Net.
13:08 of 2nd period - Shot by Mark Scheifele.
13:08 of 2nd period - Goal by Mark Scheifele - RedWings : 4 - Senators : 1.
13:09 of 2nd period - Erik Haula wins face-off versus Eric Staal in neutral zone.
13:31 of 2nd period - Shot by Connor Brown.
13:31 of 2nd period - Goal by Connor Brown - RedWings : 4 - Senators : 2.
13:32 of 2nd period - Valtteri Filppula wins face-off versus Mark Scheifele in neutral zone.
13:45 of 2nd period - Shot by Derek Ryan.
13:45 of 2nd period - Stopped by John Gibson with a rebound.
13:55 of 2nd period - Off-side.
13:56 of 2nd period - Erik Haula wins face-off versus Connor Brown in neutral zone.
14:30 of 2nd period - Icing by John Carlson.
14:31 of 2nd period - Erik Haula wins face-off versus Valtteri Filppula in RedWings zone.
14:44 of 2nd period - Icing by Derek Ryan.
14:45 of 2nd period - Valtteri Filppula wins face-off versus David Pastrnak in Senators zone.
14:52 of 2nd period - Shot by Mark Scheifele.
14:52 of 2nd period - Stopped by Anton Khudobin with a rebound.
14:56 of 2nd period - Shot by Brayden Schenn.
14:56 of 2nd period - Stopped by Anton Khudobin with a rebound.
15:04 of 2nd period - Shot by David Pastrnak.
15:04 of 2nd period - Stopped by Anton Khudobin without a rebound.
15:05 of 2nd period - Kyle Brodziak wins face-off versus Jason Spezza in Senators zone.
15:05 of 2nd period - Kyle Brodziak is hit by Justin Falk.
15:25 of 2nd period - Icing by Kyle Brodziak.
15:26 of 2nd period - Eric Staal wins face-off versus Kyle Brodziak in RedWings zone.
16:32 of 2nd period - Shot by Mark Stone.
16:32 of 2nd period - Stopped by John Gibson without a rebound.
16:33 of 2nd period - Erik Haula wins face-off versus Valtteri Filppula in RedWings zone.
16:33 of 2nd period - David Perron is hit by Paul Byron and loses puck.
16:54 of 2nd period - Shot by Paul Byron.
16:54 of 2nd period - Stopped by John Gibson with a rebound.
16:56 of 2nd period - Shot by Derek Ryan.
16:56 of 2nd period - Shot Misses the Net.
17:01 of 2nd period - Derek Ryan is hit by Erik Karlsson and loses puck.
18:43 of 2nd period - Shot by Connor Brown.
18:43 of 2nd period - Shot Blocked by Nick Jensen.
19:01 of 2nd period - Shot by David Pastrnak.
19:01 of 2nd period - Stopped by Anton Khudobin with a rebound.
19:05 of 2nd period - Shot by David Pastrnak.
19:05 of 2nd period - Shot Misses the Net.
19:07 of 2nd period - Shot by Nick Jensen.
19:07 of 2nd period - Stopped by Anton Khudobin with a rebound.
19:37 of 2nd period - Erik Karlsson is hit by Chris Wagner and loses puck.
19:46 of 2nd period - Shot by Chris Wagner.
19:46 of 2nd period - Stopped by John Gibson without a rebound.
19:47 of 2nd period - Erik Haula wins face-off versus Jason Spezza in RedWings zone.
19:47 of 2nd period - Erik Haula is hit by Mark Stone.
Goals for this period are 3 for RedWings vs 1 for Senators.
Shots for this period are 17 for RedWings vs 10 for Senators.

3rd period


0:01 of 3rd period - Erik Haula wins face-off versus Jason Spezza in neutral zone.
0:24 of 3rd period - Shot by Jason Spezza.
0:24 of 3rd period - Shot Blocked by Drew Doughty.
0:26 of 3rd period - Shot by Alex Goligoski.
0:26 of 3rd period - Stopped by John Gibson without a rebound.
0:27 of 3rd period - Eric Staal wins face-off versus Mark Scheifele in RedWings zone.
0:27 of 3rd period - Eric Staal is hit by Jake Gardiner.
0:38 of 3rd period - Mark Scheifele is hit by Jakob Chychrun and loses puck.
1:26 of 3rd period - Shot by David Perron.
1:26 of 3rd period - Stopped by Anton Khudobin without a rebound.
1:27 of 3rd period - Jason Spezza wins face-off versus Kyle Brodziak in Senators zone.
1:48 of 3rd period - Justin Falk is hit by Kyle Brodziak and loses puck.
2:03 of 3rd period - Shot by Mark Stone.
2:03 of 3rd period - Stopped by John Gibson with a rebound.
2:41 of 3rd period - Shot by Andy Greene.
2:41 of 3rd period - Shot Misses the Net.
2:43 of 3rd period - Shot by Valtteri Filppula.
2:43 of 3rd period - Stopped by John Gibson without a rebound.
2:44 of 3rd period - Erik Haula wins face-off versus James Neal in RedWings zone.
2:52 of 3rd period - Icing by Jakob Chychrun.
2:53 of 3rd period - Brayden Schenn wins face-off versus Chris Wagner in Senators zone.
2:53 of 3rd period - Brayden Schenn is hit by Mike Green.
3:07 of 3rd period - Shot by Drew Doughty.
3:07 of 3rd period - Deflect By David Pastrnak.
3:07 of 3rd period - Stopped by Anton Khudobin with a rebound.
3:37 of 3rd period - Shot by Mark Scheifele.
3:37 of 3rd period - Deflect By David Pastrnak.
3:37 of 3rd period - Shot Misses the Net.
3:47 of 3rd period - Mike Green is hit by Erik Haula and loses puck.
4:22 of 3rd period - Icing by Derek Ryan.
4:23 of 3rd period - Frans Nielsen wins face-off versus Eric Staal in Senators zone.
4:37 of 3rd period - Shot by Jordan Szwarz.
4:37 of 3rd period - Stopped by Anton Khudobin without a rebound.
4:38 of 3rd period - Jason Spezza wins face-off versus Mark Scheifele in Senators zone.
4:43 of 3rd period - Jason Spezza is hit by Brayden Schenn and loses puck.
5:05 of 3rd period - John Carlson is hit by Justin Falk and loses puck.
5:14 of 3rd period - Shot by Mark Scheifele.
5:14 of 3rd period - Stopped by Anton Khudobin with a rebound.
5:42 of 3rd period - Patric Hornqvist is hit by Connor Brown and loses puck.
5:53 of 3rd period - Connor Brown is hit by Patric Hornqvist and loses puck.
6:10 of 3rd period - Eric Staal is hit by David Perron and loses puck.
6:16 of 3rd period - Icing by Jake Gardiner.
6:17 of 3rd period - David Perron wins face-off versus James Neal in RedWings zone.
6:30 of 3rd period - Shot by Jakob Chychrun.
6:30 of 3rd period - Shot Misses the Net.
6:32 of 3rd period - Shot by Mike Green.
6:32 of 3rd period - Shot Misses the Net.
6:44 of 3rd period - Minor Penalty to Chris Wagner for Hooking.
6:45 of 3rd period - Mark Scheifele wins face-off versus Alex Galchenyuk in Senators zone.
6:50 of 3rd period - Shot by John Carlson.
6:50 of 3rd period - Stopped by Anton Khudobin with a rebound.
6:52 of 3rd period - Shot by John Carlson.
6:52 of 3rd period - Stopped by Anton Khudobin without a rebound.
6:53 of 3rd period - Alex Galchenyuk wins face-off versus Mark Scheifele in Senators zone.
6:53 of 3rd period - Alex Galchenyuk is hit by Brayden Schenn.
7:24 of 3rd period - Shot by Connor Brown.
7:24 of 3rd period - Stopped by John Gibson without a rebound.
7:25 of 3rd period - Brayden Schenn wins face-off versus Alex Galchenyuk in RedWings zone.
11:11 of 3rd period - Shot by David Pastrnak.
11:11 of 3rd period - Shot Misses the Net.
11:15 of 3rd period - Shot by Brayden Schenn.
11:15 of 3rd period - Stopped by Anton Khudobin without a rebound.
11:16 of 3rd period - Frans Nielsen wins face-off versus Chris Wagner in Senators zone.
11:16 of 3rd period - Brett Howden is hit by Mike Green and loses puck.
11:46 of 3rd period - Off-side.
11:47 of 3rd period - Eric Staal wins face-off versus Mark Scheifele in neutral zone.
11:58 of 3rd period - Shot by David Pastrnak.
11:58 of 3rd period - Shot Blocked by Andy Greene.
12:09 of 3rd period - Off-side.
12:10 of 3rd period - Chris Wagner wins face-off versus Erik Haula in neutral zone.
12:27 of 3rd period - Shot by Vladislav Namestnikov.
12:27 of 3rd period - Shot Blocked by Erik Karlsson.
12:32 of 3rd period - Off-side.
12:33 of 3rd period - Mark Scheifele wins face-off versus Mark Stone in neutral zone.
12:37 of 3rd period - Connor Murphy is hit by Mark Stone and loses puck.
13:10 of 3rd period - Shot by Jakob Chychrun.
13:10 of 3rd period - Shot Misses the Net.
13:50 of 3rd period - Shot by John Carlson.
13:50 of 3rd period - Stopped by Anton Khudobin without a rebound.
13:51 of 3rd period - Kyle Brodziak wins face-off versus Valtteri Filppula in Senators zone.
14:13 of 3rd period - Icing by Justin Falk.
14:14 of 3rd period - Erik Haula wins face-off versus Valtteri Filppula in Senators zone.
14:32 of 3rd period - John Carlson is hit by Valtteri Filppula and loses puck.
14:36 of 3rd period - Drew Doughty is hit by Justin Falk and loses puck.
14:37 of 3rd period - Minor Penalty to Justin Falk for High sticking.
14:38 of 3rd period - Chris Wagner wins face-off versus Mark Scheifele in Senators zone.
14:55 of 3rd period - Shot by David Pastrnak.
14:55 of 3rd period - Shot Misses the Net.
17:06 of 3rd period - John Carlson is hit by Justin Falk and loses puck.
17:11 of 3rd period - Shot by Frans Nielsen.
17:11 of 3rd period - Stopped by Anton Khudobin without a rebound.
17:12 of 3rd period - Kyle Brodziak wins face-off versus Jason Spezza in Senators zone.
17:18 of 3rd period - Andrew Cogliano is hit by Alex Goligoski and loses puck.
17:24 of 3rd period - Icing by Alex Galchenyuk.
17:25 of 3rd period - Jason Spezza wins face-off versus Mark Scheifele in Senators zone.
17:48 of 3rd period - Shot by David Pastrnak.
17:48 of 3rd period - Stopped by Anton Khudobin without a rebound.
17:49 of 3rd period - Eric Staal wins face-off versus Frans Nielsen in Senators zone.
17:49 of 3rd period - Connor Brown is hit by Brett Howden.
17:53 of 3rd period - Brett Howden is hit by James Neal and loses puck.
17:59 of 3rd period - John Carlson is hit by Jakob Chychrun and loses puck.
18:06 of 3rd period - Shot by Brett Howden.
18:06 of 3rd period - Stopped by Anton Khudobin without a rebound.
18:07 of 3rd period - Erik Haula wins face-off versus Valtteri Filppula in Senators zone.
18:41 of 3rd period - Shot by David Perron.
18:41 of 3rd period - Stopped by Anton Khudobin without a rebound.
18:42 of 3rd period - Mark Scheifele wins face-off versus Jason Spezza in Senators zone.
18:55 of 3rd period - Shot by Mike Green.
18:55 of 3rd period - Shot Blocked by Erik Karlsson.
19:41 of 3rd period - Off-side.
19:42 of 3rd period - Erik Haula wins face-off versus Eric Staal in neutral zone.
Goals for this period are 0 for RedWings vs 0 for Senators.
Shots for this period are 12 for RedWings vs 4 for Senators.